 Dungeon Crawl Stone Soup version 0.28-a0-1568-g77cbbf62ba (webtiles) character file.

Game seed: 15945019641115041491

2589 Lekart the Chopper (level 9, 0/74 HPs)
             Began as a Grey Draconian Chaos Knight on Jan 20, 2022.
             Was a Plaything of Xom.
             Slain by a two-headed ogre (10 damage)
             ... on level 7 of the Dungeon.
             The game lasted 00:15:05 (6892 turns).

Lekart the Chopper (Grey Draconian Chaos Knight)    Turns: 6892, Time: 00:15:06

Health: 0/74       AC: 14    Str: 15    XL:     9   Next: 33%
Magic:  15/15      EV: 15    Int: 12    God:    Xom [...*..]
Gold:   328        SH:  5    Dex: 17    Spells: 15/16 levels left

rFire   . . .      SeeInvis .   r - +5 war axe (protect)
rCold   . . .      Faith    .   (no shield)
rNeg    . . .      Spirit   .   (armour unavailable)
rPois   +          Reflect  +   (helmet restricted)
rElec   .          Harm     .   g - +1 cloak
rCorr   .          Rampage  .   (no gloves)
Will    .....                   (no boots)
Stlth   ++........              q - amulet of reflection
HPRegen 0.22/turn               e - ring of flight
MPRegen 0.14/turn               k - ring of poison resistance

@: about to teleport, flying
A: AC +12, amphibious, unfitting armour, cold-blooded, agile 1, no potion heal
1, subdued magic 1
a: Renounce Religion


You were on level 7 of the Dungeon.
You worshipped Xom.
You were a favourite toy of Xom.
You visited 1 branch of the dungeon, and saw 7 of its levels.
You also visited: Ossuary.

You collected 328 gold pieces.

Inventory:

Hand Weapons
 a - a +1 hand axe of chaos
 r - a +5 war axe of protection (weapon)
Missiles
 o - 7 boomerangs (quivered)
Armour
 g - a +1 cloak (worn)
Jewellery
 e - a ring of flight (left hand)
 k - a ring of poison resistance (right hand)
 l - a ring of ice
 q - an amulet of reflection (around neck)
Wands
 s - a wand of acid (20)
 t - a wand of iceblast (8)
Scrolls
 c - a scroll of fog
 d - 10 scrolls of teleportation
 j - a scroll of blinking
 p - a scroll of summoning {unknown}
 v - a scroll of enchant weapon
Potions
 b - a potion of lignification
 h - 3 potions of heal wounds
 i - 2 potions of brilliance
 m - 2 potions of curing
 n - a potion of resistance
 u - 3 potions of magic
 w - a potion of ambrosia
 z - a potion of might


   Skills:
 + Level 5.4 Fighting
 + Level 7.9 Axes
 + Level 1.4 Throwing
 * Level 6.0 Dodging
 + Level 0.4 Shields
 * Level 4.2 Spellcasting
 * Level 4.7 Transmutations


You had 15 spell levels left.
You knew the following spells:

 Your Spells              Type           Power      Damage    Failure   Level
a - Beastly Appendage     Tmut           20%        N/A       2%          1

Your spell library contained the following spells:

 Spells                   Type           Power      Damage    Failure   Level
 Wereblood                Tmut           10%        N/A       3%          2
 Spider Form              Tmut/Pois      6%         N/A       21%         3
 Corpse Rot               Necr/Air       2%         N/A       28%         2
 Poisonous Vapours        Pois/Air       2%         N/A       28%         2


Dungeon Overview and Level Annotations

Branches:
Dungeon (7/15)            Ossuary (visited)
 Temple: D:4-7

Altars:
Xom

Annotations:
D:3 exclusion: downstairs
D:4 exclusion: downstairs
D:6 exclusion: downstairs


Innate Abilities, Weirdness & Mutations

Your dull iron-grey scales are very hard. (AC +12)
You are amphibious.
You cannot fit into any form of body armour.
You are cold-blooded and may be slowed by cold attacks.
You are agile. (Dex +2)
Potions are less effective at restoring your health.
Your spells are a little easier to cast, but a little less powerful.


Message History

The centaur skeleton closely misses you.
The centaur skeleton kicks you but does no damage.
You slash the centaur skeleton!
Your weapon exudes an aura of protection.
The centaur skeleton is severely damaged.
The centaur skeleton closely misses you.
The centaur skeleton kicks you but does no damage.
The centaur skeleton hits you but does no damage.
The centaur skeleton closely misses you.
You slash the centaur skeleton!
You destroy the centaur skeleton!
Found a runed amethyst amulet.
A scorpion and a gargoyle come into view.
Found a lightning rod (4/4).
A shadow, a cyclops, 2 two-headed ogres and 2 skeletal warriors come into view.
Found five items.
The two-headed ogre shouts in stereo!
The cyclops shouts!
The two-headed ogre shouts in stereo!
Something hits you but does no damage.
Deactivating autopickup; reactivate with Ctrl-A.
Something hits you but does no damage. Something hits you! x2
Something hits you but does no damage. Something hits you but does no damage.
Something hits you but does no damage. x2
You slash something!
Your weapon exudes an aura of protection.
You tail-slap something.
Something hits you but does no damage. x2
You completely miss something. Something hits you!
Something hits you but does no damage.
The two-headed ogre hits you with a +0 giant club!
The two-headed ogre misses you. Something hits you but does no damage.
As you read the scroll of teleportation, it crumbles to dust.
You feel strangely unstable. Something hits you but does no damage.
The two-headed ogre hits you with a +0 giant club!!
* * * LOW HITPOINT WARNING * * *
The two-headed ogre hits you with a +0 giant club!
You die...
Xom giggles madly!

>....# #. #..O:z. .#...#
#.#..##### .#...# #.##
.#...# #..#..# .#...#
...##.#########.#
.#...#...#..##.z.......#
.#...#..... .#.#O#.#.#.#
.#...#..... .###O#.#
.##....##.. ..#.@#.#
.......##..##.##{#.# #.#
.......#.......#{#.# ..
.......#.......###.###.#
...#####.##..<..#...#..
...# #......#.##.##.#
...# #.........#.#..#
#### #.........#.#.#
#.....#..........#


You could see a skeletal warrior and 2 two-headed ogres.

Vanquished Creatures
  A slime creature (D:7)
  Menkaure (Ossuary)
  Duvessa (D:4)
  A water moccasin (D:7)
  2 ice beasts
  An orc warrior (D:7)
  A tengu (D:5)
  An ogre (D:4)
  A centaur (D:7)
  A phantom (D:6)
  2 gnoll sergeants
  3 scorpions
  Dowan (D:4)
  3 wights (D:6)
  2 centaur zombies
  5 hounds
  A bullfrog zombie (D:5)
  An orc priest (D:7)
  A jelly (D:6)
  A centaur skeleton (D:7)
  2 iguanas
  A killer bee zombie (D:5)
  A hound zombie (D:5)
  A hound skeleton (D:3)
  3 mummies (Ossuary)
  8 gnolls
  6 adders
  2 adder skeletons (D:4)
  3 worms
  A dart slug (D:3)
  12 orcs
  12 bats
  7 endoplasms
  9 giant cockroaches
  9 hobgoblins
  6 jackals (D:1)
  A quokka (D:2)
  5 ball pythons
  3 frilled lizards
  5 gnoll skeletons (Ossuary)
  5 gnoll zombies (Ossuary)
  7 goblins
  5 goblin skeletons (Ossuary)
  2 goblin zombies (Ossuary)
  4 hobgoblin skeletons (Ossuary)
  A hobgoblin zombie (Ossuary)
  2 kobolds
  3 kobold skeletons (Ossuary)
  2 kobold zombies (Ossuary)
  4 orc skeletons (Ossuary)
  7 orc zombies (Ossuary)
  8 rats
  4 rat skeletons (Ossuary)
  8 rat zombies (Ossuary)
190 creatures vanquished.

Vanquished Creatures (collateral kills)
  A water moccasin (D:5)
  A black bear (D:5)
  2 hounds
  2 adders (D:5)
  2 orcs (D:5)
8 creatures vanquished.

Grand Total: 198 creatures vanquished

Notes
Turn   | Place    | Note
-------+----------+-------------------------------------------
     0 | D:1      | Lekart the Draconian Chaos Knight began the quest for the
                  | Orb.
     0 | D:1      | Reached XP level 1. HP: 19/19 MP: 1/1
   177 | D:1      | Reached XP level 2. HP: 24/26 MP: 2/2
   347 | D:1      | Found a faded altar of an unknown god.
   350 | D:1      | Learned a level 1 spell: Beastly Appendage
   653 | D:1      | Reached XP level 3. HP: 33/33 MP: 3/3
   843 | D:1      | XOM: cloud trail
   927 | D:2      | Reached XP level 4. HP: 21/40 MP: 3/5
  1042 | D:2      | XOM: 8-stop teleportation journey
  1928 | D:3      | Reached skill level 1 in Transmutations
  2235 | D:3      | XOM: cast spell 'Summon Hydra'
  2241 | D:3      | Reached skill level 1 in Spellcasting
  2393 | D:3      | XOM: divination: detect creatures
  2398 | D:3      | XOM: summons friendly white imp
  2402 | D:3      | Reached XP level 5. HP: 19/46 MP: 5/7
  3010 | D:4      | Reached skill level 4 in Axes
  3121 | D:4      | XOM: god gift: scroll of teleportation
  3232 | D:4      | Reached XP level 6. HP: 38/52 MP: 7/9
  3245 | D:4      | XOM: scenery: summon butterflies
  3651 | D:4      | Noticed Duvessa
  3651 | D:4      | Noticed Dowan
  3798 | D:4      | XOM: 4-stop teleportation journey
  3843 | D:4      | XOM: god gift: scroll of teleportation
  3930 | D:4      | XOM: cast spell 'Alistair's Intoxication'
  3932 | D:4      | XOM: scenery: create altars
  3954 | D:4      | Reached skill level 1 in Throwing
  3954 | D:4      | Your scales start taking on a dull iron-grey colour.
  3954 | D:4      | Reached XP level 7. HP: 31/59 MP: 10/10
  4414 | D:5      | Entered Level 5 of the Dungeon
  4426 | D:5      | Reached skill level 5 in Axes
  4588 | D:5      | XOM: scenery: summon butterflies
  4637 | D:5      | XOM: destruction
  4643 | D:5      | Reached XP level 8. HP: 67/67 MP: 12/12
  4947 | D:5      | XOM: give mutations
  4947 | D:5      | Gained mutation: Your spells are a little easier to cast,
                  | but a little less powerful. [Xom's mischief]
  4947 | D:5      | Gained mutation: Potions are less effective at restoring
                  | your health. [Xom's mischief]
  4947 | D:5      | Gained mutation: You are agile. (Dex +2) [Xom's mischief]
  5060 | D:5      | XOM: summons 5 hostile demons
  5061 | D:5      | Noticed an ice devil
  5168 | D:4      | XOM: confusion
  5169 | D:4      | XOM: swap monsters
  5175 | D:4      | XOM: blink monster(s)
  5178 | D:4      | Killed Dowan
  5193 | D:4      | Killed Duvessa
  5194 | D:4      | Reached skill level 6 in Axes
  5194 | D:4      | Reached skill level 5 in Dodging
  5328 | D:5      | XOM: polymorph sky beast -> tengu
  5490 | D:6      | XOM: chaos upgrade
  5498 | D:6      | XOM: silly message
  5502 | D:6      | XOM: summons 5 hostile demons
  5503 | D:6      | Noticed a hellwing
  5527 | D:6      | Found a sand-covered staircase.
  5536 | Ossuary  | Entered an ossuary
  5851 | Ossuary  | XOM: 1-stop teleportation journey
  5958 | Ossuary  | Noticed Menkaure
  5962 | Ossuary  | XOM: chaos cloud
  5963 | Ossuary  | Killed Menkaure
  6056 | D:6      | Reached skill level 5 in Fighting
  6067 | D:6      | XOM: confusion
  6068 | D:6      | XOM: 1-stop teleportation journey
  6072 | D:6      | XOM: polymorph bullfrog -> jelly
  6246 | D:6      | XOM: confuse monster(s)
  6248 | D:6      | Reached skill level 7 in Axes
  6512 | D:6      | XOM: divination: detect creatures
  6515 | D:6      | XOM: noise
  6517 | D:6      | Reached XP level 9. HP: 60/74 MP: 14/14
  6536 | D:6      | XOM: silly message
  6660 | D:7      | Noticed a five-headed hydra
  6661 | D:7      | XOM: fog
  6682 | D:7      | XOM: cleaving
  6879 | D:7      | Noticed a gargoyle
  6880 | D:7      | Noticed a skeletal warrior
  6880 | D:7      | Noticed a two-headed ogre
  6880 | D:7      | Noticed a cyclops
  6880 | D:7      | Noticed a two-headed ogre
  6880 | D:7      | Noticed a skeletal warrior
  6892 | D:7      | Slain by a two-headed ogre

Illustrated notes

Levels and vault maps discovered:
D:1:      heliophobic_arrival_ceremonial_halls, layout_rooms,
          dreamdust_ecumenical_altar_hidden_monk_grotto
D:2:      layout_basic, minmay_misc_feat_room, dk_noncrumbling_4
D:3:      minmay_chambers_of_threes, layout_basic
D:4:      layout_basic, interstate_on_off, uniq_duvessa
D:5:      layout_rooms, serial_rivers, chequers_serial_rivers_small_b,
          chequers_serial_rivers_micro_e, chequers_serial_rivers_large_a,
          chequers_serial_rivers_large_b, chequers_serial_rivers_small_3,
          chequers_serial_rivers_room_a, kennysheep_generic_room_9
D:6:      cheibrodos_iron_armory, layout_rooms, nicolae_ossuary_entry_monument
D:7:      minmay_the_grid_triangle_9x9_recursive_2
          [minmay_the_grid_triangle_9x9_prize_insulated,
          minmay_the_grid_triangle_9x9_empty,
          minmay_the_grid_triangle_9x9_negative_grid,
          minmay_the_grid_triangle_9x9_from_above], layout_basic,
          minmay_temple_entry_antechambers, nicolae_underground_beach,
          uniq_menkaure

Skill      XL: |  1  2  3  4  5  6  7  8  9 |
---------------+----------------------------+-----
Dodging        | 3 4 5 6 |  6.0
Transmutations | 1 2 3 4 |  4.7
Spellcasting   | 1 2 3 4 |  4.2
Axes           | 4 5 7 |  7.9
Fighting       | 4 5 |  5.4
Throwing       | 1 |  1.4
Shields        | |  0.4

Action                   |  1- 3 |  4- 6 |  7- 9 || total
-------------------------+-------+-------+-------++-------
Melee: Hand axe          |    99 |   124 |    30 ||   253
       Tailslap          |     6 |    15 |    43 ||    64
       Headbutt          |     3 |     9 |       ||    12
       Kick              |     3 |    10 |       ||    13
       Punch             |     1 |     2 |     3 ||     6
       War axe           |       |    15 |   215 ||   230
Throw: Boomerang         |       |    28 |       ||    28
 Cast: Beastly Appendage |     4 |    18 |       ||    22
  Use: Scroll            |     5 |     2 |    15 ||    22
       Potion            |       |       |     3 ||     3
 Stab: Confused          |       |     2 |     5 ||     7
       Petrifying        |       |     1 |       ||     1
       Paralysed         |       |     1 |       ||     1
       Sleeping          |       |     1 |       ||     1
Armor: Skin              |    33 |    48 |   152 ||   233
Dodge: Dodged            |    90 |    80 |   203 ||   373
Block: Other             |       |       |     8 ||     8

Table legend: (Time is in decaauts)
 A = Elapsed time spent in this place.
 B = Non-inter-level travel time spent in this place.
 C = Inter-level travel time spent in this place.
 D = Time resting spent in this place.
 E = Time spent auto-exploring this place.
 F = Levels seen in this place.
 G = Mean time per level.
                   A        B        C        D        E       F      G
               +--------+--------+--------+--------+--------+-----+--------+
         Total |   6996 |   6718 |    278 |   1266 |   3915 |   8 |  874.5 |
       Dungeon |   6466 |   6188 |    278 |   1110 |   3831 |   7 |  923.7 |
       Ossuary |    530 |    530 |      0 |    156 |     84 |   1 |  530.0 |
               +--------+--------+--------+--------+--------+-----+--------+

Top non-repeatable levels by time:
     D:4: 1653 daAuts
     D:3: 1117 daAuts
     D:2: 1059 daAuts
     D:1: 862 daAuts
     D:5: 830 daAuts
     D:6: 707 daAuts
 Ossuary: 530 daAuts
     D:7: 236 daAuts
